AoeStats
← Lil Fabrice

Lombardia

509900006Analyzed
4v4 RM · 4d ago on Sep 28, 2026· 42m 24s· 8 players
Game mode
Random Map
Map size
Large (8 player)
Population
200
Speed
Normal
Resources
Standard
Victory
Conquest
Starting age
Dark Age
Ending age
Imperial Age
RankedLock teamsTeams togetherTeam positionsShared explorationLock speedFull tech treeHidden civsTurbo modeCheats
Victory
Defeat
🇩🇪 Armenians · Germany
1611
+16
🇺🇦 Mongols · Ukraine
1586
+17
🇫🇷 Bulgarians · France
1586
+17
🇫🇷 Italians · France
1572
+19
🇪🇸 Goths · Spain
1637
-18
🇨🇳 Aztecs · China
1630
-18
🇹🇼 Wu · Taiwan
1628
-18
🇵🇪 Malians · Peru
1556
-15
ElMaestro
10:40 Feudal Age
14:36 Castle Age
12:49 Loom
14:11 Double-Bit Axe
14:26 Horse Collar
18:05 Fletching
19:54 Bodkin Arrow
22:19 Wheelbarrow
22:50 Town Watch
24:01 Bow Saw
25:50 Ballistics
25:47 Gold Mining
27:47 Hand Cart
32:21 Imperial Age
31:29 Silk Road
31:53 Caravan
34:04 Chemistry
33:27 Conscription
34:02 Pirotechnia
34:50 Bracer
34:50 Padded Archer Armor
36:54 Leather Archer Armor
37:37 Masonry
40:13 Thumb Ring
41:23 Guilds
40:45 Elite Genoese Crossbowman
42:29 Hoardings
Lil Fabrice
8:43 Feudal Age
9:15 Double-Bit Axe
9:41 Horse Collar
20:03 Castle Age
19:22 Bloodlines
19:27 Scale Barding Armor
19:33 Forging
21:12 Husbandry
22:20 Wheelbarrow
21:31 Town Watch
24:30 Hand Cart
24:02 Loom
28:12 Gold Mining
28:35 Bow Saw
30:26 Stone Mining
31:35 Gold Shaft Mining
31:30 Light Cavalry
32:31 Chain Barding Armor
32:47 Iron Casting
35:16 Imperial Age
35:25 Elite Konnik
35:57 Hussar
37:11 Pikeman
37:51 Squires
40:41 Plate Barding Armor
41:07 Blast Furnace
42:58 Caravan
Karabas
7:59 Feudal Age
8:45 Double-Bit Axe
18:19 Castle Age
17:02 Horse Collar
17:14 Gold Mining
17:23 Stone Mining
18:02 Scale Barding Armor
18:43 Light Cavalry
23:21 Loom
23:22 Town Watch
25:50 Bow Saw
25:40 Heavy Plow
28:05 Wheelbarrow
30:43 Hand Cart
31:40 Fortified Wall
35:12 Imperial Age
32:35 Fletching
32:45 Padded Archer Armor
32:57 Bloodlines
32:47 Husbandry
33:44 Chain Barding Armor
33:35 Forging
35:01 Iron Casting
35:17 Elite Steppe Lancer
36:58 Blast Furnace
36:07 Bodkin Arrow
36:28 Leather Archer Armor
36:40 Parthian Tactics
36:40 Conscription
36:32 Caravan
41:15 Bracer
42:32 Ballistics
43:13 Chemistry
Poggle-der-Fisch
7:04 Loom
9:33 Feudal Age
9:57 Horse Collar
10:05 Double-Bit Axe
17:47 Castle Age
15:50 Stone Mining
18:42 Wheelbarrow
17:54 Town Watch
18:45 Wheelbarrow
19:57 Bow Saw
20:55 Heavy Plow
24:35 Gold Mining
25:48 Hand Cart
30:25 Imperial Age
28:20 Ballistics
27:52 Fletching
28:21 Bodkin Arrow
29:12 Masonry
30:08 Gold Shaft Mining
30:02 Padded Archer Armor
31:24 Bracer
31:40 Leather Archer Armor
32:26 Chemistry
30:50 Elite Composite Bowman
31:52 Conscription
32:59 Hoardings
32:59 Ring Archer Armor
32:17 Capped Ram
33:36 Scale Mail Armor
33:40 Siege Ram
38:50 Caravan
39:10 Chain Mail Armor
39:05 Forging
AutoClickerv3
0:35 Loom
8:52 Feudal Age
9:21 Double-Bit Axe
9:10 Man-at-Arms
12:07 Horse Collar
14:28 Forging
15:05 Scale Mail Armor
22:31 Castle Age
20:31 Stone Mining
23:30 Bow Saw
24:39 Heavy Plow
25:22 Chain Mail Armor
28:16 Wheelbarrow
31:30 Anarchy
32:52 Hand Cart
32:23 Town Watch
33:02 Squires
32:22 Pikeman
36:52 Imperial Age
34:26 Gold Mining
35:15 Stone Shaft Mining
34:12 Long Swordsman
37:02 Iron Casting
36:54 Elite Huskarl
38:21 Conscription
39:53 Blast Furnace
好奇小牛
7:19 Loom
9:55 Feudal Age
15:12 Castle Age
13:28 Double-Bit Axe
17:38 Bow Saw
21:21 Horse Collar
23:18 Wheelbarrow
24:05 Town Watch
26:14 Fletching
30:05 Imperial Age
27:48 Bodkin Arrow
27:54 Padded Archer Armor
28:30 Hand Cart
29:20 Ballistics
29:22 Red Cliffs Tactics
29:42 Leather Archer Armor
29:38 Forging
29:29 Scale Mail Armor
29:30 Gold Mining
30:48 Heavy Plow
32:08 Chemistry
31:45 Conscription
31:48 Bracer
31:53 Elite Fire Archer
32:51 Town Patrol
32:47 Stone Mining
33:45 Gold Shaft Mining
34:32 Stone Shaft Mining
35:00 Iron Casting
34:40 Chain Mail Armor
35:20 Pikeman
36:01 Squires
35:46 Arson
36:53 Plate Mail Armor
37:23 Blast Furnace
36:10 Halberdier
39:27 Caravan
39:58 Coinage
41:31 Two-Man Saw
KLIKELIN
10:52 Feudal Age
15:17 Castle Age
14:10 Double-Bit Axe
14:06 Horse Collar
16:26 Bow Saw
23:38 Wheelbarrow
24:32 Heavy Plow
25:10 Loom
25:59 Hand Cart
27:53 Gold Mining
27:53 Stone Mining
29:40 Gold Shaft Mining
29:40 Stone Shaft Mining
32:48 Imperial Age
30:34 Husbandry
30:44 Bloodlines
32:03 Forging
32:00 Scale Barding Armor
33:46 Iron Casting
33:05 Heavy Camel Rider
34:43 Conscription
34:23 Farimba
35:23 Town Watch
38:21 Town Patrol
39:53 Chain Barding Armor
39:35 Elite Skirmisher
40:21 Thumb Ring
40:58 Crop Rotation
40:08 Light Cavalry
41:14 Fletching
42:01 Plate Barding Armor
41:49 Ballistics
42:30 Chemistry
42:06 Bodkin Arrow
42:15 Padded Archer Armor
雾枝
6:04 Loom
6:42 Loom
9:15 Feudal Age
9:47 Double-Bit Axe
10:32 Horse Collar
16:11 Gold Mining
18:53 Castle Age
18:53 Scale Mail Armor
19:58 Chain Mail Armor
19:57 Forging
19:49 Squires
19:09 Eagle Warrior
26:41 Stone Mining
27:38 Wheelbarrow
28:11 Stone Shaft Mining
27:31 Pikeman
34:43 Imperial Age
32:21 Heavy Plow
32:32 Bow Saw
34:25 Gambesons
34:26 Arson
35:42 Chain Mail Armor
35:48 Treadmill Crane
36:55 Plate Mail Armor
39:01 Iron Casting
40:52 Fletching
40:36 Elite Skirmisher
42:07 Padded Archer Armor
42:04 Bodkin Arrow
Connection lost

Rejoining the realm…

Still unreachable

The connection could not be restored.

Session expired

The server has moved on; the page needs a fresh start.